 Dungeon Crawl Stone Soup version 0.17-a0-18-gc25b939 (webtiles) character file.

1992 Chiseanne the Covert (level 9, -3/68 HPs)
             Began as a Demonspawn Assassin on Mar 10, 2015.
             Was an Initiate of Gozag.
             Slain by an orc warrior
             ... wielding a +0 mace
              (20 damage)
             ... on level 6 of the Dungeon.
             The game lasted 00:27:00 (7513 turns).

Chiseanne the Covert (Demonspawn Assassin)          Turns: 7513, Time: 00:27:01

Health: -3/68      AC:  7    Str: 13    XL:     9   Next: 1%
Magic:  9/9        EV: 16    Int: 14    God:    Gozag
Gold:   999        SH:  0    Dex: 15    Spells: 0 memorised, 8 levels left

rFire  + . .     SeeInvis +     s - +1 whip (freeze)
rCold  . . .     Clarity  .     m - +0 leather armour {MR+}
rNeg   . . .     SustAb   .     (no shield)
rPois  .         Gourm    .     o - +1 helmet
rElec  .         Spirit   .     d - +0 cloak
rCorr  .         Warding  .     (no gloves)
rMut   .         Stasis   .     (no boots)
MR     +....                    (no amulet)
Stlth  ++++......               H - ring of see invisible
                                u - ring of flight

@: somewhat resistant to hostile enchantments, stealthy
A: talons 2, icy blue scales 1, fire resistance 1, powered by pain 1
a: Potion Petition, Call Merchant, Bribe Branch, Renounce Religion, Evoke Flight


You were on level 6 of the Dungeon.
You worshipped Gozag.
Gozag was noncommittal.
You were hungry.

You visited 1 branch of the dungeon, and saw 6 of its levels.
You also visited: Sewer.

You collected 1098 gold pieces.
You paid 99 gold pieces to Gozag.

Inventory:

Hand weapons
 a - a +2 dagger
 s - a +1 whip of freezing (weapon)
 w - a +1 blowgun
 D - a +2 vampiric scythe
 P - a +0 rapier
Missiles
 e - 31 poisoned needles
 j - 11 tomahawks (quivered)
 k - 18 sling bullets
 l - 11 poisoned bolts
 n - 53 bolts
 y - 14 sling bullets of frost
 z - 27 arrows of flame
 B - a curare-tipped needle
 O - 113 arrows
 Q - 2 steel tomahawks
Armour
 d - a +0 cloak (worn)
 m - a +0 leather armour of magic resistance (worn)
 o - a +1 helmet (worn)
 K - a +2 leather armour of fire resistance
Magical staves
 R - an uncursed staff of cold
Jewellery
 u - a ring of flight (left hand)
 H - a ring of see invisible (right hand)
Scrolls
 b - 2 scrolls of teleportation
 f - a scroll of recharging
 x - a scroll of remove curse
 G - a scroll of enchant weapon
 J - a scroll of amnesia
 L - 5 scrolls of blinking
Potions
 h - a potion of agility
 p - 2 potions of resistance {unknown}
 q - a potion of magic {unknown}
 r - a potion of invisibility
 t - 3 potions of mutation {unknown}
 v - 5 potions of curing
 A - a potion of brilliance {unknown}
 C - a potion of cancellation {unknown}
 E - 3 potions of lignification {unknown}
 F - a potion of poison {unknown}
 I - 3 potions of berserk rage {unknown}
Books
 i - a book of the Dragon

   Spells                             Type                      Level
   a - Flight                         Charms/Air                   3
   b - Cause Fear                     Hexes                        4
   c - Bolt of Fire                   Conjuration/Fire             6
   d - Dragon Form                    Transmutation                7
   e - Dragon's Call                  Summoning                    9
Comestibles
 c - 4 meat rations
 g - a bread ration


   Skills:
 * Level 5.0 Fighting
 - Level 1.7 Short Blades
 - Level 1.7 Throwing
 * Level 7.3 Dodging
 * Level 8.2 Stealth


You had 8 spell levels left.
You didn't know any spells.

Dungeon Overview and Level Annotations

Branches:
Dungeon (6/15)             Temple (0/1) D:5

Altars:
Gozag
Okawaru
Ru
Sif Muna
Trog

Annotations:
D:3 flinch's ghost, weakling DsGl
D:4 Grinder


Innate Abilities, Weirdness & Mutations

You have razor-sharp toenails.
You are partially covered in icy blue scales (AC +1).
Your flesh is heat resistant.
You sometimes gain a little power by taking damage.


Message History

The orc warrior hits you with a mace!
You hit the orc warrior. You freeze the orc warrior.
You claw the orc warrior, but do no damage.
The orc warrior is heavily wounded.
You closely miss the orc warrior.
The orc warrior is severely wounded.
The orc warrior hits you with a mace!
You closely miss the orc warrior.
You claw the orc warrior, but do no damage.
The orc warrior is severely wounded.
The orc warrior hits you with a mace.
You hit the orc warrior but do no damage.
The orc warrior is severely wounded.
The orc warrior hits you with a mace.
* * * LOW HITPOINT WARNING * * *
You hit the orc warrior. You freeze the orc warrior.
The orc warrior is almost dead.
The orc warrior hits you with a mace!!
You die...
Your body crumbles into a pile of gold.

######## #
#########.........
#.$.........## ##
#.#######....####.
#.#######.....##..
#.##..............
#@##.#####........
#o##.# #......?.
#)#..# #........
#(...# #........
###..#####.###)##.
#........# #.##.
#.$$..###### #.##.
#(###.# #.##. ...
.# #.##.


You could see an orc warrior.

Vanquished Creatures
  Pikel (D:6)
  Eustachio (D:6)
  Edmund (D:4)
  Purgy (Sewer)
  An ice beast (D:6)
  A phantom (D:4)
  An ogre (D:6)
  Sigmund (D:4)
  2 centaurs (D:6)
  A scorpion (D:4)
  2 goliath beetles (D:6)
  2 crimson imps
  A giant frog zombie (D:4)
  A jelly (D:6)
  2 centaur skeletons
  An orc priest (D:4)
  A hound (D:4)
  An orc wizard (D:4)
  A giant frog skeleton (D:5)
  2 iguanas
  A worker ant (D:4)
  Jessica (D:3)
  3 gnolls (D:6)
  3 adders
  A shadow imp (D:6)
  2 giant mites
  2 worms (D:3)
  3 oozes
  20 orcs
  10 bats
  5 giant cockroaches
  11 hobgoblins
  9 jackals
  4 quokkas
  A ball python (D:2)
  5 giant geckos
  4 giant newts
  11 goblins
  A jackal skeleton (D:6)
  15 kobolds
  5 rats
142 creatures vanquished.

Vanquished Creatures (others)
  A centaur (D:6)
  A worker ant (D:6)
  An adder (D:6)
  A shadow imp (D:6)
  2 hobgoblins (D:6)
  A kobold (D:6)
7 creatures vanquished.

Grand Total: 149 creatures vanquished

Notes
Turn   | Place    | Note
--------------------------------------------------------------
     0 | D:1      | Chiseanne, the Demonspawn Assassin, began the quest for the Orb.
     0 | D:1      | Reached XP level 1. HP: 16/16 MP: 1/1
   180 | D:1      | Reached skill level 4 in Stealth
   221 | D:1      | Gained mutation: You are partially covered in icy blue scales (AC +1). [demonic ancestry]
   221 | D:1      | Reached XP level 2. HP: 22/22 MP: 2/2
   756 | D:1      | Reached skill level 1 in Dodging
  1278 | D:2      | Gained mutation: Your flesh is heat resistant. [demonic ancestry]
  1278 | D:2      | Reached XP level 3. HP: 27/27 MP: 3/3
  1667 | D:2      | Found an opulent altar of Gozag.
  1667 | D:2      | Found a bloodstained altar of Trog.
  1671 | D:2      | Became a worshipper of Gozag Ym Sagoz the Greedy
  2139 | D:3      | Reached XP level 4. HP: 31/34 MP: 4/4
  2242 | D:3      | Found a glowing drain.
  2250 | Sewer    | Entered a sewer
  2311 | Sewer    | Noticed Purgy
  2328 | Sewer    | Killed Purgy
  2328 | Sewer    | Reached skill level 5 in Stealth
  2328 | Sewer    | Gained mutation: You have sharp toenails. [demonic ancestry]
  2328 | Sewer    | Reached XP level 5. HP: 20/39 MP: 5/5
  2658 | D:3      | Noticed flinch's ghost (weakling DsGl)
  2728 | D:3      | Noticed Jessica
  2782 | D:3      | Killed Jessica
  3084 | D:4      | Noticed Edmund
  3100 | D:4      | Killed Edmund
  3100 | D:4      | Reached XP level 6. HP: 27/46 MP: 6/6
  3718 | D:4      | Noticed a phantom
  3761 | D:4      | Killed a phantom
  3761 | D:4      | Reached skill level 6 in Stealth
  3960 | D:4      | Reached XP level 7. HP: 52/52 MP: 7/7
  3990 | D:4      | Noticed Grinder
  4239 | D:4      | Found a sacrificial altar of Ru.
  5115 | D:4      | Reached skill level 5 in Dodging
  5126 | D:4      | Noticed Sigmund
  5135 | D:4      | Killed Sigmund
  5250 | D:5      | Entered Level 5 of the Dungeon
  5540 | D:5      | Found a staircase to the Ecumenical Temple.
  5818 | D:5      | Found an iron altar of Okawaru.
  5886 | D:5      | Found a deep blue altar of Sif Muna.
  6202 | D:6      | Gained mutation: You sometimes gain a little power by taking damage. [demonic ancestry]
  6202 | D:6      | Reached XP level 8. HP: 46/60 MP: 8/8
  6299 | D:6      | Noticed Eustachio
  6306 | D:6      | Noticed Pikel
  6312 | D:6      | Killed Eustachio
  6312 | D:6      | Reached skill level 7 in Stealth
  6331 | D:6      | Killed Pikel
  6898 | D:6      | Reached skill level 8 in Stealth
  7256 | D:6      | Gained mutation: You have razor-sharp toenails. [demonic ancestry]
  7256 | D:6      | Reached XP level 9. HP: 51/67 MP: 9/9
  7445 | D:6      | Reached skill level 5 in Fighting
  7513 | D:6      | Slain by an orc warrior

Action                   |  1- 3 |  4- 6 |  7- 9 || total
-------------------------+-------+-------+-------++-------
Melee: Dagger            |   121 |   143 |   255 ||   519
       Whip              |       |       |    51 ||    51
       Staff             |       |       |    18 ||    18
 Fire: Blowgun           |    39 |    38 |    38 ||   115
Throw: Tomahawk          |       |     6 |       ||     6
  Use: Scroll            |    10 |     5 |     4 ||    19
       Potion            |       |     3 |     5 ||     8
 Stab: Sleeping          |     7 |     7 |    12 ||    26
       Distracted        |     1 |     1 |     4 ||     6
       Invisible         |       |       |     3 ||     3
  Eat: Chunk             |     2 |       |       ||     2
       Bread ration      |     1 |       |       ||     1
       Fruit             |       |     3 |     3 ||     6
       Royal jelly       |       |     1 |       ||     1
       Beef jerky        |       |       |     3 ||     3
       Pizza             |       |       |     2 ||     2
